 Dungeon Crawl Stone Soup version 0.30-a0-568-g124715a40b (webtiles) character file.

Game seed: 13774495406275996194

63878 bmack86 the Severer (level 14, -8/127 HPs)
             Began as a Minotaur Fighter on Dec 29, 2022.
             Was an Elder of Okawaru.
             Mangled by a freezing wraith (18 damage)
             ... on level 14 of the Dungeon.
             The game lasted 01:06:36 (20326 turns).

bmack86 the Severer (Minotaur Fighter)             Turns: 20326, Time: 01:06:36

Health: -8/127     AC: 32    Str: 26    XL:     14   Next: 69%
Magic:  15/19      EV:  9    Int:  7    God:    Okawaru [****..]
Gold:   1910       SH: 13    Dex: 10    Spells: 13/13 levels left

rFire   . . .      SeeInvis .    a - +1 war axe (venom)
rCold   . . .      Faith    .    c - +0 buckler
rNeg    . . .      Spirit   .    J - +2 plate armour
rPois   .          Reflect  +    f - +1 hat
rElec   +          Harm     .    N - +0 cloak of the Bagpipe {rElec Int+2}
rCorr   .          Rampage  .    S - +0 pair of gloves
Will    +....                    O - +2 pair of boots Stlth
                                 q - amulet of reflection
HPRegen 0.41/turn                D - +4 ring of slaying
MPRegen 0.16/turn                b - +4 ring of protection

@: lethally poisoned (-8 -> -16), heroic, slowed, very slow
A: horns 2, retaliatory headbutt
a: Renounce Religion, Heroism, Finesse


You were on level 14 of the Dungeon.
You worshipped Okawaru.
Okawaru was greatly pleased with you.
You visited 3 branches of the dungeon, and saw 20 of its levels.
You also visited: Ossuary.

You collected 1910 gold pieces.

Inventory:

Hand Weapons
 a - a +1 war axe of venom (weapon)
Missiles
 p - 36 poisoned darts
 u - 5 javelins (quivered)
 R - 4 silver javelins
Armour
 c - a +0 buckler (worn)
 f - a +1 hat (worn)
 J - a +2 plate armour (worn)
 N - the +0 cloak of the Bagpipe (worn) {rElec Int+2}
   (You found it on level 7 of the Dungeon)

   Int:       It affects your intelligence (+2).
   rElec:     It insulates you from electricity.
 O - a +2 pair of boots (worn)
 S - a +0 pair of gloves (worn)
Jewellery
 b - a +4 ring of protection (right hand)
 m - a ring of protection from fire
 q - an amulet of reflection (around neck)
 t - a ring of protection from cold
 w - a +4 ring of protection
 x - a +6 ring of strength
 y - a ring of poison resistance
 D - a +4 ring of slaying (left hand)
 Q - a +6 ring of strength
 V - a +6 ring of intelligence
Scrolls
 g - a scroll of amnesia
 n - 13 scrolls of teleportation
 o - 7 scrolls of blinking
 s - a scroll of magic mapping
 v - 5 scrolls of identify
 B - 2 scrolls of silence
 C - 4 scrolls of enchant weapon
 E - a scroll of fog
 H - 5 scrolls of fear
Potions
 d - a potion of might
 e - 3 potions of cancellation
 h - 2 potions of berserk rage
 i - 3 potions of resistance
 j - 3 potions of mutation
 k - 9 potions of curing
 l - 6 potions of brilliance
 r - 10 potions of haste
 z - a potion of ambrosia
 A - 2 potions of attraction
 F - 2 potions of flight
 G - a potion of magic {unknown}
 L - 4 potions of invisibility
 M - a potion of lignification


   Skills:
 + Level 12.9(17.9) Fighting
 * Level 17.2(22.2) Axes
 + Level 10.3(15.3) Throwing
 + Level 12.9(17.9) Armour
 + Level 13.0(18.0) Shields
 + Level 8.1 Invocations


You had 13 spell levels left.
You didn't know any spells.
Your spell library contained the following spells:

 Spells                   Type           Power      Damage    Failure   Level
 Apportation              Tloc           0%         N/A       96%         1
 Freeze                   Ice            0%         1d3       96%         1
 Magic Dart               Conj           0%         1d3       96%         1
 Shock                    Conj/Air       0%         1d3       96%         1
 Searing Ray              Conj           0%         2d4       99%         2
 Static Discharge         Conj/Air       0%         2-2/arc   99%         2
 Dazzling Flash           Conj/Hex       0%         N/A       100%        3
 Frozen Ramparts          Ice            0%         1d1       100%        3
 Gell's Gravitas          Tloc           0%         N/A       100%        3
 Hailstorm                Conj/Ice       0%         3d3       100%        3
 Ignite Poison            Fire/Tmut/Pois 0%         N/A       100%        3
 Kindle Blastsparks       Fire/Tloc/Air  0%         2d10      100%        3
 Lesser Beckoning         Tloc           0%         N/A       100%        3
 Mephitic Cloud           Conj/Pois/Air  0%         N/A       100%        3
 Swiftness                Air            0%         N/A       100%        3
 Teleport Other           Tloc           0%         N/A       100%        3
 Vhi's Electric Charge    Tloc/Air       0%         N/A       100%        3
 Airstrike                Air            0%         2d(0-16)  100%        4
 Cause Fear               Hex            0%         N/A       100%        4
 Fulminant Prism          Conj/Hex       0%         3d5       100%        4
 Ice Form                 Ice/Tmut       0%         N/A       100%        4
 Agony                    Necr           0%         N/A       100%        5
 Alistair's Intoxication  Tmut/Pois      0%         N/A       100%        5
 Arcjolt                  Conj/Air       0%         1d10      100%        5
 Blade Hands              Tmut           0%         N/A       100%        5
 Freezing Cloud           Conj/Ice/Air   0%         6-21      100%        5
 Irradiate                Conj/Tmut      0%         3d11      100%        5
 Lightning Bolt           Conj/Air       0%         1d11      100%        5
 Silence                  Hex/Air        0%         N/A       100%        5
 Dragon Form              Tmut           0%         N/A       100%        7
 Maxwell's Capacitive Co  Air            0%         ∞         100%        8
 Call Imp                 Summ           Unusable   N/A       N/A         2
 Summon Ice Beast         Ice/Summ       Unusable   N/A       N/A         4
 Dragon's Call            Summ           Unusable   N/A       N/A         9

Dungeon Overview and Level Annotations

Branches:
Dungeon (14/15)            Temple (1/1) D:4            Lair (5/5) D:10
 Shoals (0/4) Lair:3        Snake (0/4) Lair:3        Slime (0/5) Lair:4
    Orc (0/2) D:11        Ossuary (visited)
 Vaults: D:13-14

Altars:
Ashenzari
Cheibriados
Dithmenos
Elyvilon
Fedhas
Gozag
Hepliaklqana
Kikubaaqudgha
Makhleb
Nemelex Xobeh
Okawaru
Qazlal
Ru
Sif Muna
Trog
Uskayaw
Vehumet
Wu Jian
Xom
Yredelemnul
Zin
The Shining One
Jiyva

Shops:
D:3 !*:   D:5 (   D:6 *   D:7 *


Innate Abilities, Weirdness & Mutations

You have a pair of horns on your head.
You reflexively headbutt those who attack you in melee.


Message History

You feel as though you will be slow longer.
The centaur warrior shoots an arrow.
The arrow hits you but does no damage. The meliai hits you with a +0 war axe.
The meliai stings you but does no damage.
The freezing wraith closely misses you.
The freezing wraith hits you but does no damage.
You feel much better. You block the meliai's attack.
The meliai stings you but does no damage.
The centaur warrior shoots an arrow.
The arrow hits you!
The meliai invokes the aid of its god against you.
Something smites you!
The freezing wraith hits you but does no damage. x2
The meliai hits you but does no damage. The meliai stings you.
* * * LOW HITPOINT WARNING * * *
You are poisoned.
The meliai poisons you!
You slash the meliai!
The meliai looks as sick as possible!
You headbutt the meliai.
You kill the meliai!
Okawaru accepts your kill.
You slash the freezing wraith!
You feel very sick. You block the freezing wraith's attack.
The freezing wraith hits you.
* * * LOW HITPOINT WARNING * * *
Your hands slow down.
You feel extremely sick.
The centaur warrior shoots an arrow.
The arrow hits you.
* * * LOW HITPOINT WARNING * * *
The centaur warrior shoots an arrow.
The arrow barely misses you.
There is a stone staircase leading up, spattered with blood here.
Things that are here:
a +0 war axe; a +0 robe
* * * LOW HITPOINT WARNING * * *
You feel very sick.
The centaur warrior unwields a +0 shortbow.
You block the centaur warrior's attack. The centaur warrior barely misses you.
The freezing wraith hits you.
* * * LOW HITPOINT WARNING * * *
The freezing wraith freezes you!!
You die...

#.(# ##..# ..(.
#..# ### #..#
....##[|####
<......(...#
...###cW##.###.
.......@.......
......#########
##.#.. # #.. #.
#.


You could see a centaur warrior and a freezing wraith.

Vanquished Creatures
  Jorgrun (D:14)
  The ghost of Aplut the Severer, a journeyman MiBe of Trog (Lair:3)
  A dire elephant (Lair:5)
  A merfolk avatar (Lair:5)
  10 hydras
  A catoblepas (Lair:5)
  6 boulder beetles
  2 centaur warriors (D:13)
  4 two-headed ogres
  3 death yaks (Lair:5)
  The ghost of oldriver the Covert, a novice NaAr (D:7)
  5 skeletal warriors (D:12)
  A wizard (D:9)
  Pikel (D:7)
  A manticore (D:13)
  An ugly thing (D:9)
  An elephant (Lair:4)
  3 cyclopes
  5 black mambas
  5 torpor snails
  14 cane toads
  2 gargoyles
  15 komodo dragons
  9 rime drakes
  A meliai (D:14)
  3 trolls
  7 polar bears
  2 hornets
  8 slime creatures
  12 blink frogs
  11 dream sheep (Lair:5)
  39 yaks
  A wraith (D:12)
  Sigmund (D:3)
  A shadow (D:10)
  2 wyverns (D:9)
  Eustachio (D:5)
  A human (D:11)
  8 vampire mosquitoes
  6 basilisks
  5 steam dragons
  A warg (D:11)
  4 nagas (Lair:3)
  An acid dragon (D:10)
  9 orc warriors
  14 water moccasins
  3 swamp drakes (D:12)
  5 ice beasts (D:10)
  5 black bears
  4 ogres
  2 wolves
  2 centaurs
  A lemure (D:7)
  3 phantoms
  A kobold brigand (D:9)
  Blork the orc (D:6)
  13 bullfrogs
  3 scorpions
  3 wights (D:6)
  4 killer bees (D:10)
  A howler monkey (D:6)
  4 electric eels
  3 lava snakes (Lair:5)
  5 hounds
  Crazy Yiuf (D:7)
  6 orc priests
  3 jellies
  A gnoll bouda (D:9)
  5 iguanas
  12 orc wizards
  8 mummies (Ossuary)
  5 gnolls (D:9)
  7 adders
  4 white imps
  2 worms
  2 dart slugs (D:4)
  50 orcs
  8 ball pythons
  3 bats
  12 endoplasms
  3 giant cockroaches
  A gnoll zombie (Ossuary)
  9 goblins
  9 hobgoblins
  A quokka (D:4)
  4 frilled lizards
  A goblin zombie (D:7)
  5 hobgoblin zombies (Ossuary)
  10 kobolds
  2 kobold zombies (Ossuary)
  4 rats
  A rat zombie (D:7)
  A spectral hobgoblin (D:3)
  A bush (Lair:5)
476 creatures vanquished.

Vanquished Creatures (others)
  A bush (Lair:5)
  23 fungi
  64 plants
88 creatures vanquished.

Grand Total: 564 creatures vanquished

Notes
Turn   | Place    | Note
-------+----------+-------------------------------------------
     0 | D:1      | bmack86 the Minotaur Fighter began the quest for the Orb.
     0 | D:1      | Reached XP level 1. HP: 19/19 MP: 0/0
   279 | D:1      | Reached XP level 2. HP: 27/27 MP: 1/1
   489 | D:1      | Reached skill level 3 in Axes
  1012 | D:2      | Reached XP level 3. HP: 31/33 MP: 2/2
  1578 | D:2      | Reached XP level 4. HP: 40/40 MP: 3/3
  1713 | D:3      | Found a hazy altar of Hepliaklqana.
  1847 | D:3      | Found Logg's General Store.
  1853 | D:3      | Found Inoruyheve's Distillery.
  1931 | D:3      | Found Umula's Book Shop.
  1947 | D:3      | Found Zunom's Book Shoppe.
  2116 | D:3      | Noticed Sigmund
  2134 | D:3      | Killed Sigmund
  2135 | D:3      | Reached skill level 4 in Axes
  2135 | D:3      | Reached skill level 1 in Throwing
  2135 | D:3      | Reached XP level 5. HP: 33/47 MP: 4/4
  2611 | D:4      | Reached XP level 6. HP: 53/55 MP: 5/5
  2644 | D:4      | Reached skill level 5 in Fighting
  2644 | D:4      | Reached skill level 5 in Axes
  2644 | D:4      | Reached skill level 5 in Shields
  2872 | D:4      | Found a staircase to the Ecumenical Temple.
  2881 | Temple   | Entered the Ecumenical Temple
  2948 | Temple   | Became a worshipper of Warmaster Okawaru
  3116 | D:4      | Reached skill level 5 in Armour
  3384 | D:5      | Entered Level 5 of the Dungeon
  3384 | D:5      | Found Geahek's Weapon Emporium.
  3448 | D:5      | Reached XP level 7. HP: 61/61 MP: 6/6
  3475 | D:5      | Noticed Eustachio
  3491 | D:5      | Killed Eustachio
  3492 | D:5      | Reached skill level 6 in Axes
  3999 | D:5      | Reached * piety under Okawaru
  4328 | D:6      | Reached XP level 8. HP: 63/70 MP: 7/7
  4335 | D:6      | Reached skill level 7 in Axes
  4504 | D:6      | Found a sparkling altar of Nemelex Xobeh.
  4666 | D:6      | Noticed Blork the orc
  4672 | D:6      | Killed Blork the orc
  4763 | D:6      | Reached skill level 8 in Axes
  5088 | D:6      | Found a broken altar of Ashenzari.
  5156 | D:6      | Found Qaekacio's Lightly-Used Armoury.
  5290 | D:7      | Reached ** piety under Okawaru
  5343 | D:7      | Found a runed translucent gate.
  5344 | D:7      | Noticed oldriver's ghost (novice NaAr)
  5344 | D:7      | Found a runed translucent gate.
  5345 | D:7      | Found a runed translucent gate.
  5379 | D:7      | Noticed Pikel
  5387 | D:7      | Killed Pikel
  5388 | D:7      | Reached XP level 9. HP: 79/79 MP: 5/8
  5396 | D:7      | Reached skill level 9 in Axes
  5429 | D:7      | Found a sand-covered staircase.
  5430 | D:7      | Identified the +2 short sword of Ignis's Favour {freeze,
                  | rF+ Will+}
  5445 | Ossuary  | Entered an ossuary
  5741 | D:7      | Found a radiant altar of Vehumet.
  6023 | D:7      | Found Zumaress's Gadget Gallery.
  6236 | D:7      | Found a runed translucent door.
  6237 | D:7      | Noticed Crazy Yiuf
  6242 | D:7      | Killed Crazy Yiuf
  6283 | D:7      | Killed oldriver's ghost
  6284 | D:7      | Reached skill level 5 in Throwing
  6284 | D:7      | Reached skill level 1 in Invocations
  6291 | D:7      | Reached skill level 10 in Axes
  6326 | D:7      | Identified the +0 cloak of the Bagpipe {rElec Int+2}
  6669 | D:8      | Reached XP level 10. HP: 74/88 MP: 10/10
  7093 | D:9      | Found a transporter.
  7094 | D:9      | Noticed a cyclops
  7096 | D:9      | Noticed a wizard
  7096 | D:9      | Noticed a brown ugly thing
  7098 | D:9      | Found a transporter.
  7106 | D:9      | Found a basalt altar of Yredelemnul.
  7113 | D:9      | Reached *** piety under Okawaru
  7117 | D:9      | Found a bloodstained altar of Trog.
  8044 | D:10     | Entered Level 10 of the Dungeon
  8049 | D:10     | Noticed a gargoyle
  8054 | D:10     | Killed a gargoyle
  8246 | D:10     | Noticed a two-headed ogre
  8249 | D:10     | Reached **** piety under Okawaru
  8253 | D:10     | Reached skill level 11 in Axes
  8255 | D:10     | Killed a two-headed ogre
  8448 | D:10     | Identified the +8 whip "Feission" {elec, rPois rN+++ Str-4
                  | SInv}
  8560 | D:10     | Reached ***** piety under Okawaru
  8567 | D:10     | Reached XP level 11. HP: 78/95 MP: 11/13
  8568 | D:10     | Received a gift from Okawaru
  8574 | D:10     | Found a staircase to the Lair.
  9404 | D:9      | Killed a brown ugly thing
  9404 | D:9      | Received a gift from Okawaru
  9405 | D:9      | Reached skill level 12 in Axes
  9409 | D:9      | Killed a wizard
  9497 | Lair:1   | Entered Level 1 of the Lair of Beasts
  9570 | Lair:1   | Identified the +4 ring mail of Daluas {+Inv rPois} (Okawaru
                  | gifted it to you on level 1 of the Lair of Beasts)
  9570 | Lair:1   | Received a gift from Okawaru
  9634 | Lair:1   | Reached skill level 5 in Invocations
 10285 | Lair:2   | Noticed a six-headed hydra
 10302 | Lair:2   | Killed a 15-headed hydra
 10496 | Lair:2   | Reached skill level 13 in Axes
 10496 | Lair:2   | Reached skill level 10 in Shields
 10652 | Lair:2   | Noticed an eight-headed hydra
 10665 | Lair:2   | Killed a 16-headed hydra
 10666 | Lair:2   | Reached skill level 10 in Armour
 10871 | Lair:2   | Reached skill level 10 in Fighting
 11036 | Lair:2   | Reached XP level 12. HP: 104/106 MP: 14/14
 11509 | Lair:3   | Noticed a four-headed hydra
 11520 | Lair:3   | Killed a nine-headed hydra
 11690 | Lair:3   | HP: 4/106 [blink frog (11)]
 11694 | Lair:3   | Received a gift from Okawaru
 12186 | Lair:3   | Found a staircase to the Snake Pit.
 12480 | Lair:3   | Found a runed translucent door.
 12484 | Lair:3   | Noticed Aplut's ghost (journeyman MiBe)
 12503 | Lair:3   | Killed Aplut's ghost
 12504 | Lair:3   | Reached skill level 14 in Axes
 12734 | Lair:3   | Found a staircase to the Shoals.
 13268 | Lair:4   | Found a viscous altar of Jiyva.
 13268 | Lair:4   | Found a staircase to the Slime Pits.
 14048 | Lair:4   | Received a gift from Okawaru
 14146 | Lair:4   | Noticed a six-headed hydra
 14158 | Lair:4   | Killed a 15-headed hydra
 14690 | Lair:4   | Noticed a six-headed hydra
 14694 | Lair:4   | Noticed a boulder beetle
 14696 | Lair:4   | Reached XP level 13. HP: 116/116 MP: 8/16
 14711 | Lair:4   | Received a gift from Okawaru
 14712 | Lair:4   | Reached skill level 15 in Axes
 15513 | Lair:5   | Entered Level 5 of the Lair of Beasts
 15552 | Lair:5   | Received a gift from Okawaru
 15640 | Lair:5   | Received a gift from Okawaru
 15719 | Lair:5   | Reached skill level 16 in Axes
 15962 | Lair:5   | Received a gift from Okawaru
 16545 | Lair:5   | Identified the +4 trident "Niz Rid" {vamp, Will+}
 16628 | Lair:5   | Paralysed by a hornet for 2 turns
 16631 | Lair:5   | Reached XP level 14. HP: 71/126 MP: 18/18
 16954 | Lair:5   | Received a gift from Okawaru
 17476 | D:11     | Found a staircase to the Orcish Mines.
 18231 | D:12     | Received a gift from Okawaru
 18414 | D:12     | Reached skill level 10 in Throwing
 19331 | D:12     | Received a gift from Okawaru
 19642 | D:13     | Reached skill level 17 in Axes
 20293 | D:14     | Noticed Jorgrun
 20309 | D:14     | Killed Jorgrun
 20321 | D:14     | Received a gift from Okawaru
 20326 | D:14     | Mangled by a freezing wraith

Illustrated notes

Levels and vault maps discovered:
D:1:      nagdon_arrival_zigzag_paths, layout_loops_ring
D:2:      layout_rooms, minmay_cut_off
D:3:      layout_loops_cross, nicolae_hepliaklqana_monster_ancestors,
          serial_shops, shop, nicolae_shop_crystal, nicolae_diamond_shop,
          shop_statue, corexii_leaking_fountain, uniq_sigmund
D:4:      layout_basic, minmay_temple_entry_antechambers,
          minmay_misc_feat_ornament
D:5:      layout_basic, serial_shops, shop, serial_bayou_pond_c, uniq_eustachio
D:6:      layout_loops_cross, nemelex_dance_club_becter,
          mainiacjoe_overflow_paths, grunt_decor_fettered, minmay_shop_damaged,
          uniq_blork_the_orc
D:7:      layout_loops_ring, mainiacjoe_overflow_boulevard, enter_ossuary_4,
          biasface_ghost_orc_armoury, nicolae_shop_gadgets,
          uniq_crazy_yiuf_cottage, uniq_pikel
D:8:      layout_cave_pools, hangedman_abyss_or_decor_lesser_grid
D:9:      layout_loops_ring, trog_ov_bears_minmay,
          gammafunk_temple_overflow_arena, nicolae_zen_rock_garden
D:10:     layout_layer_cave, hellmonk_lair_entry_icy
D:11:     layout_loops_corners, erik_orc_4
D:12:     layout_cave_pods, pond
D:13:     layout_long_grid
D:14:     minmay_the_grid_3x2 [minmay_the_grid_box_x, minmay_the_grid_tree,
          minmay_the_grid_mess, minmay_the_grid_odd_star, minmay_the_grid_empty,
          minmay_the_grid_prize_shrinking_boxes], layout_loops_ring,
          david_vaults_2, nicolae_ru_awakened_eye, uniq_jorgrun
Temple:   nicolae_temple_superstar
Lair:1:   layout_hall_layers, serial_bayou_shore_a
Lair:2:   layout_cave_pods, lemuel_fruit_tree, grunt_megastairs_4
Lair:3:   layout_layer_cave, shoals_dummy_entry, guppyfry_snake_entry_garden,
          ebering_ghost_reflecting_pool, nicolae_lair_grove_arrangements
Lair:4:   nzn_winding_woodlands_huge [nzn_winding_woodlands_5x15_longhouse,
          nzn_winding_woodlands_5x15_concentric,
          nzn_winding_woodlands_5x15_split_checker,
          nzn_winding_woodlands_5x15_lazy_stream,
          nzn_winding_woodlands_5x15_zeroes,
          nzn_winding_woodlands_5x15_sawtooth,
          nzn_winding_woodlands_5x15_sidewinder,
          nzn_winding_woodlands_5x15_parted, nzn_winding_woodlands_5x15_pockets,
          nzn_winding_woodlands_5x15_default,
          nzn_winding_woodlands_center_garden,
          nzn_winding_woodlands_center_pierced_h,
          nzn_winding_woodlands_15x15_thick_spiral], layout_regular_city,
          nicolae_slime_entry_slimehenge
Lair:5:   gammafunk_lair_ancient_temple, layout_loops_ring, lookout_lair_type,
          nicolae_lair_liquid_snakes

Skill      XL: |  1  2  3  4  5  6  7  8  9 10 11 12 13 14 |
---------------+-------------------------------------------+-----
Axes           | 3 4 5 6 8 10 11 13 14 16 17 | 17.2
Fighting       | 4 5 7 8 10 11 12 | 12.9
Shields        | 4 5 7 9 10 11 12 13 | 13.0
Armour         | 4 5 7 8 10 11 12 | 12.9
Throwing       | 1 2 3 4 5 6 7 8 9 10 | 10.3
Invocations    | 2 4 5 7 8 |  8.1

Action                   |  1- 3 |  4- 6 |  7- 9 | 10-12 | 13-15 || total
-------------------------+-------+-------+-------+-------+-------++-------
Melee: War axe           |    95 |    87 |   189 |   455 |   456 ||  1282
       Headbutt          |    10 |    16 |    31 |   105 |   126 ||   288
Throw: Dart              |       |     6 |       |       |       ||     6
       Javelin           |       |     1 |     5 |     5 |    34 ||    45
       Boomerang         |       |       |       |       |     1 ||     1
Invok: Heroism           |       |       |     7 |    11 |    14 ||    32
       Finesse           |       |       |       |     4 |     9 ||    13
  Use: Scroll            |     2 |     6 |     9 |     9 |     3 ||    29
       Potion            |       |       |       |     4 |     6 ||    10
 Stab: Petrifying        |       |       |       |       |     1 ||     1
Armor: Scale mail        |    38 |    29 |    26 |       |       ||    93
       Plate armour      |       |       |    14 |   303 |   341 ||   658
Dodge: Dodged            |    43 |    27 |    55 |   131 |   121 ||   377
Block: Buckler           |    39 |    48 |    95 |   295 |   267 ||   744
       Reflection        |       |     6 |     3 |     8 |    10 ||    27

Table legend: (Time is in decaauts)
 A = Elapsed time spent in this place.
 B = Non-inter-level travel time spent in this place.
 C = Inter-level travel time spent in this place.
 D = Time resting spent in this place.
 E = Time spent auto-exploring this place.
 F = Levels seen in this place.
 G = Mean time per level.
                   A        B        C        D        E       F      G
               +--------+--------+--------+--------+--------+-----+--------+
         Total |  20288 |  19541 |    747 |   1876 |  11580 |  21 |  966.1 |
       Dungeon |  12257 |  11710 |    547 |    302 |   7579 |  14 |  875.5 |
        Temple |    117 |    117 |      0 |      0 |     63 |   1 |  117.0 |
          Lair |   7709 |   7509 |    200 |   1574 |   3938 |   5 | 1541.8 |
       Ossuary |    203 |    203 |      0 |      0 |      0 |   1 |  203.0 |
               +--------+--------+--------+--------+--------+-----+--------+

Top non-repeatable levels by time:
  Lair:4: 2431 daAuts
  Lair:5: 1633 daAuts
  Lair:3: 1624 daAuts
    D:10: 1385 daAuts
    D:12: 1304 daAuts
  Lair:2: 1185 daAuts
     D:7: 1146 daAuts
     D:9: 1055 daAuts
     D:1: 1008 daAuts
     D:3: 953 daAuts
     D:5: 924 daAuts
    D:11: 902 daAuts
     D:6: 897 daAuts
  Lair:1: 834 daAuts
    D:13: 725 daAuts
